 Dungeon Crawl Stone Soup version 0.17-a0-1850-g688e747 (webtiles) character file.

58 mcbry74 the Magician (level 3, -1/19 HPs)
             Began as a Deep Elf Wizard on Sept 19, 2015.
             Was an Initiate of Sif Muna.
             Slain by a river rat (3 damage)
             ... in a sewer.
             The game lasted 00:29:54 (3352 turns).

mcbry74 the Magician (Deep Elf Wizard)              Turns: 3352, Time: 00:29:55

Health: -1/19      AC:  3    Str:  4    XL:     3   Next: 75%
Magic:  3/12       EV: 13    Int: 23    God:    Sif Muna [......]
Gold:   97         SH:  0    Dex: 13    Spells: 6 memorised, 0 levels left

rFire  . . .     SeeInvis .     j - +0 short sword
rCold  . . .     Clarity  .     a - +0 robe
rNeg   . . .     SustAt   .     (no shield)
rPois  .         Gourm    .     b - +0 hat
rElec  .         Spirit   .     (no cloak)
rCorr  .         Warding  .     (no gloves)
rMut   .         Stasis   .     q - +0 pair of boots (curse)
MR     .....                    (no amulet)
Stlth  ++........               (no ring)
                                (no ring)

@: not resistant to hostile enchantments, unstealthy
A: no striking features
a: Renounce Religion


You were in a sewer.
You worshipped Sif Muna.
Sif Muna was noncommittal.
You were not hungry.

You visited 1 branch of the dungeon, and saw 3 of its levels.
You also visited: Sewer.

You collected 97 gold pieces.

Inventory:

Hand weapons
 j - a +0 short sword (weapon)
 l - a +0 dagger
 m - a +0 dagger
Armour
 a - a +0 robe (worn)
 b - a +0 hat (worn)
 q - a cursed +0 pair of boots (worn)
Jewellery
 e - an uncursed amulet of faith {unknown}
Scrolls
 g - 2 scrolls of identify
 h - a scroll of magic mapping {unknown}
 k - 2 scrolls of remove curse {unknown}
 n - a scroll of fog {unknown}
 o - 3 scrolls of teleportation {unknown}
 p - a scroll of recharging {unknown}
 r - a scroll of random uselessness {unknown}
 s - a scroll of fear {unknown}
Potions
 f - a potion of cure mutation {unknown}
Books
 c - a book of Minor Magic

   Spells                             Type                      Level
   a - Magic Dart                     Conjuration                  1
   b - Blink                          Translocation                2
   c - Call Imp                       Summoning                    2
   d - Repel Missiles                 Charms/Air                   2
   e - Slow                           Hexes                        2
   f - Conjure Flame                  Conjuration/Fire             3
   g - Mephitic Cloud                 Conjuration/Poison/Air       3
Comestibles
 d - 2 bread rations
 i - a beef jerky
 t - 3 chunks of flesh


   Skills:
 + Level 2.8 Dodging
 + Level 2.6 Stealth
 + Level 5.9 Spellcasting
 + Level 1.3 Conjurations
 + Level 1.7 Summonings
 + Level 1.1 Translocations


You couldn't memorise any spells.
You knew the following spells:

 Your Spells              Type           Power        Failure   Level  Hunger
a - Magic Dart            Conj           ##..         6%          1    None
b - Call Imp              Summ           ##......     10%         2    None
c - Blink                 Tloc           N/A          10%         2    None
d - Mephitic Cloud        Conj/Pois/Air  #.......     24%         3    #......
e - Conjure Flame         Conj/Fire      #.......     21%         3    #......
f - Repel Missiles        Chrm/Air       #.....       17%         2    None


Dungeon Overview and Level Annotations

Branches:
Dungeon (3/15)

Altars:
Nemelex Xobeh
Qazlal
Sif Muna

Annotations:
D:3 Grinder


Message History

The adder bites the rat but does no damage.
Your magical contamination has completely faded away.
You barely miss the river rat.
The river rat is almost dead.
You feel sick.
You are no longer poisoned.
The river rat barely misses you.
You hit the river rat but do no damage.
The river rat is almost dead.
The river rat bites you.
* * * LOW HITPOINT WARNING * * *
You hit the river rat but do no damage.
The river rat is almost dead.
The river rat bites you.
* * * LOW HITPOINT WARNING * * *
The river rat barely misses you.
You hit the river rat but do no damage.
The river rat is almost dead.
The river rat bites you.
You die...

≈≈..≈.......≈≈≈≈≈
≈..≈......†....≈≈
.................
.....5SS.........
....rr.5........#
.....r##.......#
....## ##..##...
..# ###rr## # #
#@rr## #####


You could see 2 river rats and 2 rats.

Vanquished Creatures
  An adder (Sewer)
  A giant gecko (D:3)
  5 giant cockroaches
  A goblin (D:1)
  3 hobgoblins
  A jackal (D:2)
  2 kobolds (D:2)
  A quokka (D:2)
  2 ball pythons (Sewer)
  A bat (D:2)
  4 giant newts
  6 rats
28 creatures vanquished.

Vanquished Creatures (collateral kills)
  2 adders
  3 worms (D:2)
  A bat (D:2)
  A giant cockroach (D:2)
  A hobgoblin (D:2)
  3 jackals (D:2)
  2 kobolds (D:2)
  A goblin (D:2)
  A rat (Sewer)
15 creatures vanquished.

Grand Total: 43 creatures vanquished

Notes
Turn   | Place    | Note
--------------------------------------------------------------
     0 | D:1      | mcbry74 the Deep Elf Wizard began the quest for the Orb.
     0 | D:1      | Reached XP level 1. HP: 10/10 MP: 7/7
   991 | D:1      | Reached skill level 5 in Spellcasting
  1283 | D:2      | Found a sparkling altar of Nemelex Xobeh.
  1286 | D:2      | Reached XP level 2. HP: 15/15 MP: 6/10
  1290 | D:2      | Learned a level 2 spell: Call Imp
  1362 | D:2      | Found a stormy altar of Qazlal.
  1440 | D:2      | Learned a level 2 spell: Blink
  2121 | D:2      | Reached XP level 3. HP: 1/19 MP: 10/12
  2421 | D:2      | Learned a level 3 spell: Mephitic Cloud
  2425 | D:2      | Learned a level 3 spell: Conjure Flame
  2428 | D:2      | Learned a level 2 spell: Repel Missiles
  2911 | D:3      | Noticed Grinder
  2920 | D:3      | Paralysed by Grinder for 3 turns
  3086 | D:3      | Found a deep blue altar of Sif Muna.
  3089 | D:3      | Became a worshipper of Sif Muna the Loreminder
  3225 | D:3      | Found a glowing drain.
  3310 | Sewer    | Entered a sewer
  3352 | Sewer    | Slain by a river rat

Vault maps used:
D:1:      grunt_arrival_lava_bath
D:2:      grunt_temple_overflow_open, first_bread
D:3:      minmay_overflow_temple_hex, vehumet_altar_wand_db,
          portal_sewer_entry_f, lemuel_blue_sif_altar, uniq_grinder,
          uniq_natasha
Sewer:    sewer_minmay_treatment

Action                   || total
-------------------------++-------
Melee: Dagger            ||    10
       Short sword       ||    15
 Cast: Magic Dart        ||    65
       Call Imp          ||    27
       Mephitic Cloud    ||     3
       Blink             ||     1
  Use: Potion            ||     1
       Scroll            ||     1
  Eat: Chunk             ||     3
       Bread ration      ||     1
